 Dungeon Crawl Stone Soup version 0.29-a0-234-g0dae59b3db (webtiles) character file.

Game seed: 2383330083114104195

97 spaghetti the Covert (level 4, -3/31 HPs)
             Began as an Octopode Delver on Mar 3, 2022.
             Slain by a mummy (19 damage)
             ... in an ossuary.
             The game lasted 00:01:28 (1208 turns).

spaghetti the Covert (Octopode Delver)              Turns: 1208, Time: 00:01:29

Health: -3/31      AC:  1    Str: 11    XL:     4   Next: 68%
Magic:  4/4        EV: 13    Int: 12    God:
Gold:   28         SH:  0    Dex: 15    Spells: 3/3 levels left

rFire   . . .      SeeInvis .   a - +0 falchion {long}
rCold   . . .      Faith    .   (no shield)
rNeg    . . .      Spirit   .   (helmet restricted)
rPois   .          Reflect  .   (no amulet)
rElec   .          Harm     .   (no ring)
rCorr   .          Rampage  .   (no ring)
Will    .....                   (no ring)
Stlth   +++++.....              (no ring)
HPRegen 0.10/turn               (no ring)
MPRegen 0.09/turn               (no ring)
                                (no ring)
                                (no ring)

@: no status effects
A: almost no armour, amphibious, 8 rings, camouflage 1, gelatinous body 1,
(nimble swimmer 1), tentacles
a: no special abilities


You were in an ossuary.
You visited 1 branch of the dungeon, and saw 3 of its levels.
You also visited: Ossuary.

You collected 28 gold pieces.


Innate Abilities, Weirdness & Mutations

You cannot wear most types of armour.
You are amphibious.
You can wear up to eight rings at the same time.
Your skin changes colour to match your surroundings (Stealth+).
Your rubbery body absorbs attacks. (AC +1, EV +1)
((You are camouflaged when in or above water. (Stealth+)))
You have tentacles for arms and can constrict up to eight enemies at once.


   Skills:
 - Level 3.0 Fighting
 - Level 2.0 Long Blades
 - Level 2.0 Dodging
 + Level 9.1 Stealth


You had 3 spell levels left.
You didn't know any spells.
Your spell library contained the following spells:

 Spells                   Type           Power      Damage    Failure   Level
 Sublimation of Blood     Necr           0%         N/A       45%         2
 Petrify                  Tmut/Erth      0%         N/A       97%         4
 Irradiate                Conj/Tmut      0%         3d13      100%        5

Inventory:

Hand Weapons
 a - a +0 falchion (weapon) {long}
Missiles
 g - 17 stones (quivered) {throwing}
Wands
 f - a wand of digging (3)
 h - a wand of iceblast (11)
   (You found it on level 4 of the Dungeon)
Scrolls
 b - a scroll of fog
 c - a scroll of magic mapping {!r}
 d - a scroll of fear
Potions
 e - a potion of haste {@q3}

Dungeon Overview and Level Annotations

Branches:
Dungeon (6/15)            Ossuary (1/1)
 Temple: D:4-7

Altars:

Shops:
D:5 [

Annotations:
D:5 Blork the orc Ossuary exclusion: door

..'.#....#....#....#....#.#..#
..#.#.........#.........'.#..#
..#.#####.....#......####.'..#
..###...................###..#
..'.+...................'.#..#
..#.#Z.......???........#.#..#
..#.#.......!!$M?.......#.'..#
..########..!$MMM..########..#
..'.#.......??M!@.......'.#..#
..#.'........?!?........#.#..#
..#.#...................#.'..#
..###.............Z'....###..#
..'.#####.....#......#### #..#
..#.#.........#........ #..#
..#.#....#....#....#.... +..#
..###....#.Z..#....#....###..#
..'.#....#..Z.#....#....#.#..#


You could see 5 mummies, a centaur zombie and an ogre zombie (wandering).


Message History

No target in view!
No target in view!
No target in view!
No target in view!
There is an open door here.
You open the door.
A goblin zombie comes into view. 😎 HP[+1]
Your hp is fully restored (31).
A goblin zombie is nearby!
A goblin zombie is nearby!
A goblin zombie comes into view.
There is an open door here.
The helpless goblin zombie fails to defend itself.
You hit the goblin zombie. You grab the goblin zombie.
You squeeze the goblin zombie.
You destroy the goblin zombie!
The helpless goblin zombie fails to defend itself.
You hit the goblin zombie. Your grab misses the goblin zombie.
You squeeze the goblin zombie.
You destroy the goblin zombie!
No target in view!
No target in view!
No target in view!
No target in view!
No target in view!
No target in view!
No target in view!
No target in view!
No target in view!
No target in view!
No target in view!
You open the door.
There is an open door here.
There is an open door here.
You open the door.
A kobold zombie comes into view.
A kobold zombie is nearby!
There is an open door here.
The helpless kobold zombie fails to defend itself.
You hit the kobold zombie. You grab the kobold zombie.
You constrict the kobold zombie. The kobold zombie barely misses you.
You hit the kobold zombie. You squeeze the kobold zombie.
You destroy the kobold zombie!
No target in view!
No target in view!
No target in view!
No target in view!
No target in view!
No target in view!
No target in view!
You open the door.
There is an open door here.
There is an open door here.
You open the door.
A quokka zombie and a goblin zombie come into view.
There are monsters nearby!
There is an open door here.
The helpless quokka zombie fails to defend itself.
You hit the quokka zombie. You grab the quokka zombie.
You constrict the quokka zombie.
The goblin zombie hits you but does no damage.
The quokka zombie bites you. 😕 HP[-4]
You take 4 damage, and now have 27/31 hp.
You hit the quokka zombie.
You destroy the quokka zombie!
The goblin zombie misses you. 😕 HP[+1]
You hit the goblin zombie. Your grab misses the goblin zombie.
The goblin zombie hits you. 😕 HP[-1]
You take 1 damage, and now have 27/31 hp.
You hit the goblin zombie.
You destroy the goblin zombie!
No target in view!
No target in view!
No target in view!
No target in view!
No target in view!
No target in view!
No target in view!
You open the door.
There is an open door here.
You open the door. 5 mummies come into view.
Found eight items.
Found a gate leading back out of this place. 😎 HP[+4]
Your hp is fully restored (31).
There are monsters nearby!
There is an open door here.
There is a click, and some walls slide away!
A centaur zombie comes into view.
You see here a scroll labelled ETOASE ZIUF.
The helpless mummy fails to defend itself.
You hit the mummy. Your grab misses the mummy. The mummy hits you!
The mummy hits you!!
Ouch! That really hurt!
You die...

Skill      XL: |  1  2  3  4 |
---------------+-------------+-----
Stealth        | 7 8 9 |  9.1
Fighting       | |  3.0
Long Blades    | |  2.0
Dodging        | |  2.0

Action                   |  1- 3 |  4- 6 || total
-------------------------+-------+-------++-------
Melee: Falchion          |    46 |    34 ||    80
       Constrict         |    12 |     9 ||    21
       Tentacles         |    14 |     9 ||    23
       Punch             |       |     1 ||     1
  Use: Scroll            |     1 |       ||     1
 Stab: Sleeping          |     8 |     8 ||    16
Armor: Skin              |       |     3 ||     3
Dodge: Dodged            |    23 |    15 ||    38

Levels and vault maps discovered:
D:4:      layout_layer_cave, nicolae_ossuary_entry_monument, dk_vineyard_1,
          kennysheep_generic_room_14, uniq_sigmund
D:5:      layout_rooms, vehumet_altar_wand_db,
          minmay_temple_entry_enclosed_plants, gammafunk_ghost_nasty_kobolds,
          serial_shops, nicolae_stop_n_shop_2, minmay_misc_feat_square,
          grunt_ministairs_10, minmay_fractal_squares_diagonal_5,
          uniq_blork_the_orc
D:6:      layout_basic
Ossuary:  ossuary_boxes_badplayer

Notes
Turn   | Place    | Note
-------+----------+-------------------------------------------
     0 | D:5      | spaghetti the Octopode Delver began the quest for the Orb.
     0 | D:5      | Reached XP level 1. HP: 16/16 MP: 1/1
     0 | D:5      | magus.rc [v1.9.6]
     3 | D:5      | You pick up a book of Alchemy and begin reading...
     3 | D:5      | You add the spells Sublimation of Blood, Petrify and
                  | Irradiate to your library.
    34 | D:6      | Noticed a wight
    71 | D:5      | Noticed Blork the orc
    78 | D:5      | Found Cuomon's Antique Armour Boutique.
    85 | D:5      | Noticed a centaur
   100 | D:4      | Found a sand-covered staircase.
   112 | Ossuary  | Entered an ossuary
   118 | Ossuary  | Reached skill level 7 in Stealth
   118 | Ossuary  | Reached XP level 2. HP: 21/21 MP: 2/2
   428 | Ossuary  | Reached XP level 3. HP: 20/26 MP: 3/3
   575 | Ossuary  | Reached skill level 8 in Stealth
   922 | Ossuary  | Reached XP level 4. HP: 31/31 MP: 4/4
   970 | Ossuary  | Reached skill level 9 in Stealth
  1208 | Ossuary  | Slain by a mummy

Vanquished Creatures
  2 ogre zombies (Ossuary)
  2 mummies (Ossuary)
  6 adder zombies (Ossuary)
  A gnoll zombie (Ossuary)
  4 goblin zombies (Ossuary)
  2 hobgoblin zombies (Ossuary)
  3 kobold zombies (Ossuary)
  A quokka zombie (Ossuary)
  6 rat zombies (Ossuary)
27 creatures vanquished.

Table legend:
 A = Non-vault XP
 B = Vault XP
 C = Vault XP percentage of total XP
 D = Non-vault monster count
 E = Vault monster count
 F = Vault count percentage of total count
                 A         B        C        D         E       F
            +---------+---------+-------+---------+---------+-------
      Total |       0 |     139 | 100.0 |       0 |      27 | 100.0
            +---------+---------+-------+---------+---------+-------
    Ossuary |       0 |     139 | 100.0 |       0 |      27 | 100.0
            +---------+---------+-------+---------+---------+-------

Illustrated notes

Table legend:
 A = Kills in this place as a percentage of kills in entire the game.
 B = Kills by you in this place as a percentage of kills by you in the entire game.
 C = Kills by friends in this place as a percentage of kills by friends in the entire game.
 D = Other kills in this place as a percentage of other kills in the entire game.
 E = Experience gained in this place as a percentage of experience gained in the entire game.
 F = Experience gained in this place divided by the number of levels of this place that you have seen.
                   A       B       C       D       E      F
               +-------+-------+-------+-------+-------+----------------------
         Total | 100.0 | 100.0 |   N/A |   N/A | 100.0 |  34.8
       Ossuary | 100.0 | 100.0 |   N/A |   N/A | 100.0 | 139.0
               +-------+-------+-------+-------+-------+----------------------

Table legend: (Time is in decaauts)
 A = Elapsed time spent in this place.
 B = Non-inter-level travel time spent in this place.
 C = Inter-level travel time spent in this place.
 D = Time resting spent in this place.
 E = Time spent auto-exploring this place.
 F = Levels seen in this place.
 G = Mean time per level.
                   A        B        C        D        E       F      G
               +--------+--------+--------+--------+--------+-----+--------+
         Total |   1223 |   1223 |      0 |    587 |    423 |   4 |  305.8 |
       Dungeon |    112 |    112 |      0 |      0 |     58 |   3 |   37.3 |
       Ossuary |   1111 |   1111 |      0 |    587 |    365 |   1 | 1111.0 |
               +--------+--------+--------+--------+--------+-----+--------+

Top non-repeatable levels by time:
 Ossuary: 1111 daAuts
     D:5: 58 daAuts
     D:6: 30 daAuts
     D:4: 22 daAuts
